 Dungeon Crawl Stone Soup version 0.31.0-9-g3a7656b989 (webtiles) character file.

Game seed: 16630772923084583000

518 qw the Ducker (level 7, -5/36 HPs)
             Began as a Spriggan Hunter on Feb 2, 2024.
             Killed from afar by an orc wizard (7 damage)
             ... with a magic dart
             ... on level 4 of the Dungeon.
             The game lasted 00:00:08 (2124 turns).

qw the Ducker (Spriggan Hunter)                     Turns: 2124, Time: 00:00:08

Health: -5/36      AC:  5    Str:  7    XL:     7   Next: 1%
Magic:  8/8        EV: 25    Int: 11    God:
Gold:   178        SH:  0    Dex: 26    Spells: 6/6 levels left

rFire   . . .        a - +1 shortbow
rCold   . . .        (shield currently unavailable)
rNeg    . . .        c - +0 robe
rPois   +            (helmet restricted)
rElec   .            b - +2 cloak
rCorr   .            (gloves unavailable)
SInv    +            (boots unavailable)
Will    +....        (no amulet)
Stlth   ++           h - ring of poison resistance
HPRegen 0.26/turn    i - +6 ring of dexterity
MPRegen 0.11/turn

%: no passive effects
@: very quick
A: very small, no large weapons, unfitting armour, see invisible, speed 3
a: no special abilities


You were on level 4 of the Dungeon.
You visited 2 branches of the dungeon, and saw 5 of its levels.

You collected 178 gold pieces.


Innate Abilities, Weirdness & Mutations

You are very small and have problems with some larger weapons.
You are too small for most types of armour.
You have supernaturally acute eyesight. (SInv)
You cover ground extremely quickly. (Speed+++)


   Skills:
 - Level 3.3 Fighting
 + Level 5.3 Ranged Weapons
 - Level 7.5 Dodging
 - Level 1.5 Stealth


You had 6 spell levels left.
You didn't know any spells.
Your spell library was empty.

Inventory:

Hand Weapons
 a - a +1 shortbow (weapon)
Armour
 b - a +2 cloak (worn)
 c - a +0 robe (worn)
Jewellery
 h - a ring of poison resistance (left hand)
 i - a +6 ring of dexterity (right hand)
Wands
 d - a wand of flame (19)
 k - a wand of polymorph (5)
Scrolls
 f - a scroll of revelation {unknown}
Potions
 e - a potion of enlightenment
 g - a potion of might

Dungeon Overview and Level Annotations

Branches:
Dungeon (4/15)             Temple (1/1) D:4

Altars:
Ashenzari
Cheibriados
Dithmenos
Elyvilon
Fedhas
Hepliaklqana
Makhleb
Nemelex Xobeh
Ru
Trog
Uskayaw
Xom
Yredelemnul
Zin
The Shining One


Message History

The goblin closely misses you.
The gnoll hits you from afar with a +0 halberd!
The hobgoblin closely misses you.
You shoot an arrow.
The arrow hits Robin but does no damage.
Robin is almost dead.
Robin barely misses you. The goblin completely misses you.
The orc completely misses you. The gnoll completely misses you.
The hobgoblin completely misses you.
You shoot an arrow. The arrow hits Robin!
You kill Robin!
The gnoll completely misses you.
The hobgoblin hits you but does no damage.
The orc misses you. The goblin closely misses you.
You have reached level 7!
You shoot an arrow. The arrow hits the orc wizard.
The orc wizard is severely wounded.
The gnoll misses you. The gnoll completely misses you. The hobgoblin hits you.
The orc barely misses you. The orc wizard completely misses you.
The goblin misses you.
You shoot an arrow. The arrow barely misses the orc wizard.
You hear a shout!
The orc hits you with a +0 hand axe. The gnoll misses you.
The gnoll completely misses you. The hobgoblin barely misses you.
The orc wizard completely misses you. The goblin hits you but does no damage.
You shoot an arrow. The arrow hits the orc wizard.
The orc wizard is almost dead.
The orc completely misses you. The gnoll completely misses you. x2
The hobgoblin closely misses you.
The orc wizard gestures wildly while chanting.
The orc wizard flickers and vanishes for a moment.
The goblin hits you with a +0 club.
You shoot an arrow.
The arrow closely misses the orc wizard.
The gnoll completely misses you. The gnoll misses you.
The hobgoblin misses you. The orc completely misses you.
An orc wizard comes into view. It is wielding a +0 dagger.
The orc wizard points at you and mumbles some strange words.
The magic dart hits you!
You die...

#.###.#### .. #
#....##... . #
#.####.. .## .#
#.#.#.# ..#
..###.....#####...#
..+.......#...#...#
.# ..###....#.....#
###o# .##
#....##...###og.##
##
######.###.#@o.).#
# #...#.gg#gg.#%.)
#...#..g#####
#...#...# ##.###.#.
##. .###) ... ##
... ###


You could see 2 orc wizards, 3 gnolls, an orc, a hobgoblin (strong) and 2
goblins.

Vanquished Creatures
  Grinder (D:3)
  Sigmund (D:3)
  A bombardier beetle (D:3)
  Ijyb (D:3)
  Robin (D:4)
  4 adders
  3 dart slugs
  2 ribbon worms
  An orc (D:4)
  6 ball pythons
  3 bats
  2 endoplasms
  3 giant cockroaches
  11 goblins
  7 hobgoblins
  4 jackals (D:1)
  6 kobolds
  2 quokkas (D:2)
  3 frilled lizards (D:2)
  5 rats
67 creatures vanquished.

Notes
Turn   | Place    | Note
-------+----------+-------------------------------------------
     0 | D:1      | qw the Spriggan Hunter began the quest for the Orb.
     0 | D:1      | Reached XP level 1. HP: 10/10 MP: 2/2
     0 | D:1      | 0 ||| qw: Version: 0.3-a-155-g5e7d8dd
     0 | D:1      | 0 ||| qw: Game counter: 2618
     0 | D:1      | 0 ||| qw: Melee chars always use a shield: true
     0 | D:1      | 0 ||| qw: God list: Okawaru
     0 | D:1      | 0 ||| qw: Allow faded altars: false
     0 | D:1      | 0 ||| qw: Do Orc after clearing Dungeon:15 true
     0 | D:1      | 0 ||| qw: Do second Lair branch before Depths: true
     0 | D:1      | 0 ||| qw: Lair rune preference: random
     0 | D:1      | 0 ||| qw: Goals: Normal
     0 | D:1      | 0 ||| PLANNING D:1-11
    57 | D:1      | Reached skill level 3 in Dodging
   172 | D:1      | Reached XP level 2. HP: 14/14 MP: 3/3
   218 | D:1      | Reached skill level 4 in Dodging
   673 | D:1      | 673 ||| DROPPING amulet of magic regeneration.
   674 | D:1      | 674 ||| UPGRADING to ring of poison resistance.
   675 | D:1      | 675 ||| UPGRADING to +6 ring of dexterity.
   676 | D:1      | 676 ||| READING scroll labelled FIGUSAMURI.
   677 | D:1      | 677 ||| READING scroll labelled VAR WUJILYLL.
   678 | D:1      | 678 ||| READING scroll labelled FOUHIB BAPN.
   678 | D:1      | 678 ||| ENCHANTING +0 shortbow.
   679 | D:1      | 679 ||| DROPPING scroll of butterflies.
   737 | D:2      | Found a shimmering altar of Xom.
   744 | D:2      | Reached XP level 3. HP: 18/18 MP: 4/4
  1078 | D:2      | Reached skill level 5 in Dodging
  1220 | D:2      | 1220 ||| UPGRADING to +2 cloak.
  1225 | D:2      | 1225 ||| READING scroll labelled RUZAVA ONILA.
  1226 | D:2      | 1226 ||| READING 3 scrolls labelled QEJOPA SURIE.
  1226 | D:2      | 1226 ||| IDENTIFYING bubbling clear potion
  1227 | D:2      | 1227 ||| READING 2 scrolls of identify.
  1227 | D:2      | 1227 ||| IDENTIFYING orange potion
  1266 | D:3      | Reached XP level 4. HP: 22/22 MP: 5/5
  1383 | D:3      | Found a faded altar of an unknown god.
  1384 | D:3      | Noticed Ijyb
  1391 | D:3      | Killed Ijyb
  1416 | D:3      | Reached XP level 5. HP: 25/25 MP: 6/6
  1508 | D:3      | Found a snail-covered altar of Cheibriados.
  1510 | D:3      | Noticed Sigmund
  1512 | D:3      | 1512 ||| FLEEEEING.
  1513 | D:3      | 1513 ||| FLEEEEING.
  1523 | D:3      | Killed Sigmund
  1524 | D:3      | Reached skill level 7 in Dodging
  1524 | D:3      | Reached XP level 6. HP: 24/30 MP: 7/7
  1753 | D:3      | Noticed Grinder
  1754 | D:3      | 1754 ||| ZAPPING wand of flame (20) at -2,-1 (Grinder;
                  | floor).
  1763 | D:3      | Paralysed by Grinder for 5 turns
  1771 | D:3      | Killed Grinder
  1772 | D:3      | Reached skill level 3 in Fighting
  1934 | D:3      | 1934 ||| READING scroll of identify.
  1934 | D:3      | 1934 ||| IDENTIFYING 2 bubbling inky potions
  1935 | D:3      | 1935 ||| READING scroll labelled ZUNKOA FAGY.
  1938 | D:3      | 1938 ||| READING scroll labelled HOIPLE WINUE.
  1939 | D:3      | 1939 ||| DROPPING 2 potions of degeneration.
  1999 | D:4      | Found a staircase to the Ecumenical Temple.
  2000 | D:4      | 2000 ||| PLANNING TEMPLE
  2021 | Temple   | Entered the Ecumenical Temple
  2022 | Temple   | 2022 ||| PLANNING D:1-11
  2103 | D:4      | Noticed Robin
  2118 | D:4      | HP: 8/32 [gnoll/+0 halberd (10)]
  2120 | D:4      | Killed Robin
  2121 | D:4      | Reached XP level 7. HP: 9/36 MP: 8/8
  2123 | D:4      | HP: 2/36 [goblin/+0 club[Robin] (5)]
  2124 | D:4      | Killed from afar by an orc wizard

Levels and vault maps discovered:
D:1:      co_arrival_random_square_maze, layout_basic
D:2:      layout_basic, basic_altar
D:3:      layout_loops_ring, mainiacjoe_overflow_chevrons,
          ebering_ecumenical_altar_rust, uniq_grinder, uniq_ijyb, uniq_sigmund
D:4:      nicolae_cairo_tiling, layout_loops_corners,
          mainiacjoe_overflow_cross_hatched, minmay_temple_entry_mist,
          uniq_robin, uniq_eustachio
Temple:   cyrus_circular_temple

Skill      XL: |  1  2  3  4  5  6 |
---------------+-------------------+-----
Dodging        | 3 4 5 7 |  7.5
Ranged Weapons | 5 |  5.3
Fighting       | 3 |  3.3
Stealth        | |  1.5

Action                     |  1- 3 |  4- 6 |  7- 9 || total
---------------------------+-------+-------+-------++-------
   Fire: Shortbow          |   109 |    81 |     4 ||   194
  Evoke: Wand              |       |     1 |       ||     1
    Use: Scroll            |     6 |     3 |       ||     9
 Armour: Robe              |     8 |    12 |     5 ||    25
  Dodge: Dodged            |    31 |    49 |    17 ||    97

Table legend:
 A = Non-vault XP
 B = Vault XP
 C = Vault XP percentage of total XP
 D = Non-vault monster count
 E = Vault monster count
 F = Vault count percentage of total count
                 A         B        C        D         E       F
            +---------+---------+-------+---------+---------+-------
      Total |     203 |     538 |  72.6 |      54 |      13 |  19.4
            +---------+---------+-------+---------+---------+-------
        D:1 |      37 |       0 |   0.0 |      21 |       0 |   0.0
        D:2 |      49 |       0 |   0.0 |      18 |       0 |   0.0
        D:3 |      93 |     504 |  84.4 |      10 |       3 |  23.1
        D:4 |      24 |      34 |  58.6 |       5 |      10 |  66.7
            +---------+---------+-------+---------+---------+-------
